AoeStats
← i2i Vibe

Black Forest

509628076Analyzed
4v4 RM · 3d ago on Sep 27, 2026· 65m 38s· 8 players
Game mode
Random Map
Map size
Large (8 player)
Population
200
Speed
Normal
Resources
Standard
Victory
Conquest
Starting age
Dark Age
Ending age
Imperial Age
RankedLock teamsTeams togetherTeam positionsShared explorationLock speedFull tech treeHidden civsTurbo modeCheats
Victory
Defeat
🇨🇳 Danes · China
1010
+10
🇨🇳 Khmer · China
1009
+10
🇨🇳 Britons · China
943
+13
🇨🇳 Cumans · China
695
+23
🇺🇸 Dravidians · United States
896
-15
🇮🇹 Persians · Italy
865
-14
🇺🇸 Tatars · United States
862
-14
🇨🇱 Byzantines · Chile
849
-13
i2i Vibe
0:32 Loom
13:55 Feudal Age
14:32 Double-Bit Axe
25:50 Castle Age
24:23 Scale Barding Armor
25:36 Gold Mining
25:37 Stone Mining
26:05 Horse Collar
33:30 Wheelbarrow
38:12 Imperial Age
35:56 Bloodlines
37:01 Husbandry
39:00 Fletching
38:39 Capped Ram
40:47 Wheelbarrow
40:10 Cavalier
40:45 Town Watch
42:06 Gold Shaft Mining
41:30 Bodkin Arrow
44:40 Chain Barding Armor
44:32 Forging
46:54 Padded Archer Armor
46:59 Bracer
47:42 Conscription
48:12 Heavy Cavalry Archer
50:19 Heavy Plow
50:34 Bow Saw
Jan
0:52 Loom
14:18 Feudal Age
15:00 Double-Bit Axe
14:56 Horse Collar
15:11 Gold Mining
14:44 Man-at-Arms
17:05 Forging
16:56 Scale Mail Armor
17:22 Fishing Lines
26:36 Castle Age
25:50 Stone Mining
28:09 Iron Casting
27:40 Scale Barding Armor
30:01 Chain Barding Armor
30:08 Gillnets
31:17 Bow Saw
31:09 Heavy Plow
37:27 Imperial Age
35:48 Caravan
37:56 Sanctity
37:36 Devotion
37:37 Atonement
37:33 Herbal Medicine
38:55 Wheelbarrow
37:43 Siege Elephant
38:55 Chain Mail Armor
38:31 Fletching
39:13 Town Watch
40:07 Theocracy
40:21 Plate Mail Armor
39:48 Pikeman
40:28 Squires
40:14 Arson
39:57 Elite Skirmisher
41:08 Heavy Scorpion
42:06 Halberdier
42:49 Husbandry
42:11 Light Cavalry
43:18 Gambesons
43:11 Onager
45:48 Blast Furnace
45:29 Hand Cart
48:11 Chemistry
51:51 Siege Onager
54:15 Ballistics
53:46 Heated Shot
54:09 Fortified Wall
53:54 Murder Holes
57:39 Bodkin Arrow
57:45 Padded Archer Armor
58:07 Conscription
fapastengames
0:48 Loom
14:44 Feudal Age
18:44 Wheelbarrow
23:09 Castle Age
21:09 Double-Bit Axe
21:11 Horse Collar
27:04 Hand Cart
27:58 Pikeman
31:08 Bow Saw
31:55 Gold Mining
31:55 Stone Mining
32:30 Caravan
32:44 Forging
32:34 Scale Mail Armor
33:20 Stone Mining
34:05 Gold Shaft Mining
33:20 Stone Mining
33:35 Heavy Plow
37:17 Imperial Age
36:30 Iron Casting
35:55 Scale Mail Armor
36:00 Scale Barding Armor
35:47 Fletching
35:57 Padded Archer Armor
36:49 Stone Shaft Mining
39:55 Theocracy
39:40 Block Printing
39:46 Fervor
39:05 Halberdier
39:46 Squires
39:31 Arson
39:32 Gambesons
39:53 Husbandry
41:58 Conscription
45:52 Logistica
46:23 Elite Cataphract
48:11 Chain Mail Armor
48:17 Chain Barding Armor
48:23 Chain Barding Armor
48:19 Leather Archer Armor
48:00 Bodkin Arrow
FraButtu89
10:31 Feudal Age
16:06 Castle Age
14:34 Double-Bit Axe
22:34 Horse Collar
23:07 Fishing Lines
26:23 Bow Saw
28:03 Gillnets
28:17 Heavy Plow
32:03 Imperial Age
29:23 Town Watch
30:19 Wheelbarrow
31:34 Hand Cart
31:58 Elite War Elephant
33:18 Gold Mining
35:28 Gold Shaft Mining
36:02 Scale Barding Armor
36:25 Stone Mining
37:54 Chain Barding Armor
40:10 Guilds
40:31 Coinage
40:01 Caravan
41:15 Crop Rotation
41:48 Two-Man Saw
45:08 Plate Barding Armor
46:05 Banking
48:23 Citadels
48:13 Kamandaran
48:28 Crossbowman
49:44 Padded Archer Armor
49:35 Fletching
49:57 Thumb Ring
52:36 Chemistry
51:59 Ballistics
53:28 Hoardings
56:17 Leather Archer Armor
55:58 Bodkin Arrow
57:34 Ring Archer Armor
zhang38882
6:51 Loom
13:19 Feudal Age
13:45 Double-Bit Axe
15:42 Gold Mining
18:54 Castle Age
17:49 Forging
20:54 Bow Saw
23:22 Horse Collar
24:55 Heavy Plow
26:47 Gold Shaft Mining
26:03 Stone Mining
32:17 Iron Casting
31:42 Scale Mail Armor
32:48 Devotion
36:29 Imperial Age
35:17 Capped Ram
36:48 Heavy Cavalry Archer
37:53 Parthian Tactics
36:51 Cavalier
38:44 Steppe Husbandry
38:44 Cuman Mercenaries
39:07 Conscription
40:40 Blast Furnace
39:56 Chain Mail Armor
39:47 Scale Barding Armor
42:04 Pikeman
42:08 Elite Steppe Lancer
42:09 Paladin
42:58 Halberdier
53:51 Ballistics
54:32 Chemistry
54:06 Scale Barding Armor
55:52 Chain Barding Armor
56:02 Plate Mail Armor
62:48 Caravan
嗳在七元钱
2:55 Loom
11:56 Feudal Age
12:59 Double-Bit Axe
18:27 Castle Age
18:02 Gold Mining
18:06 Stone Mining
22:48 Horse Collar
29:00 Wheelbarrow
28:36 Town Watch
29:40 Heavy Plow
30:03 Bow Saw
30:42 Hand Cart
32:12 Gold Shaft Mining
34:16 Imperial Age
31:32 Crossbowman
32:45 Town Patrol
33:22 Yeomen
34:26 Padded Archer Armor
34:18 Fletching
34:39 Forging
34:31 Scale Mail Armor
34:56 Squires
34:17 Pikeman
34:57 Elite Longbowman
35:59 Conscription
36:17 Hoardings
35:29 Arbalester
36:29 Leather Archer Armor
36:11 Bodkin Arrow
36:53 Iron Casting
36:35 Chain Mail Armor
35:47 Halberdier
39:05 Two-Man Saw
39:29 Ring Archer Armor
39:01 Bracer
40:03 Blast Furnace
39:35 Plate Mail Armor
39:56 Caravan
40:13 Warwolf
41:17 Scale Barding Armor
45:36 Chain Barding Armor
52:37 Chemistry
51:58 Ballistics
51:18 Treadmill Crane
51:44 Siege Engineers
51:34 Murder Holes
Wddjack4
10:17 Feudal Age
14:10 Loom
16:48 Castle Age
14:36 Double-Bit Axe
16:55 Horse Collar
17:11 Fishing Lines
18:18 Town Watch
19:43 Wheelbarrow
22:37 Gillnets
23:51 Heavy Plow
24:03 Bow Saw
30:43 Imperial Age
28:30 Hand Cart
30:39 Stone Mining
30:40 Gold Mining
31:21 Masonry
32:57 Onager
33:47 Siege Engineers
34:43 Chemistry
35:22 Coinage
34:53 Caravan
34:34 Siege Onager
36:36 Forging
36:26 Scale Mail Armor
37:19 Conscription
38:43 Gold Shaft Mining
38:43 Stone Shaft Mining
37:49 Northmen's Fury
40:03 Banking
40:21 Iron Casting
40:01 Chain Mail Armor
41:39 Devotion
42:41 Blast Furnace
41:26 Elite Jomsviking
42:48 Hoardings
44:21 Plate Mail Armor
51:12 Elite Varangian Guard
51:40 Gambesons
51:55 Squires
51:41 Arson
颜笑
2:14 Loom
12:37 Feudal Age
16:38 Castle Age
16:59 Double-Bit Axe
19:06 Bow Saw
22:31 Wheelbarrow
23:00 Gold Mining
25:25 Scale Barding Armor
25:23 Horse Collar
29:16 Husbandry
30:52 Bloodlines
31:06 Heavy Plow
31:08 Stone Mining
32:46 Stone Shaft Mining
32:53 Gold Shaft Mining
36:58 Imperial Age
35:06 Forging
36:05 Hand Cart
36:29 Stone Shaft Mining
36:18 Murder Holes
36:44 Ballistics
36:35 Fortified Wall
38:52 Chemistry
37:57 Siege Engineers
38:39 Conscription
39:21 Devotion
39:33 Double Crossbow
40:11 Chain Barding Armor
40:26 Iron Casting
41:12 Heavy Scorpion
42:04 Light Cavalry
43:23 Plate Barding Armor
43:23 Iron Casting
44:18 Masonry
45:16 Hussar
47:00 Blast Furnace
47:34 Caravan
48:05 Coinage
50:15 Elite Ballista Elephant
57:04 Banking
62:11 Capped Ram
64:30 Siege Ram
65:46 Architecture
Connection lost

Rejoining the realm…

Still unreachable

The connection could not be restored.

Session expired

The server has moved on; the page needs a fresh start.